 Dungeon Crawl Stone Soup version 0.26-a0-774-g1415c89e12 (webtiles) character file.

Game seed: 9582466112710424864

91 Kinoniko the Skirmisher (level 4, 0/50 HPs)
             Began as an Ogre Monk on Nov 9, 2020.
             Slain by a goblin
             ... wielding a +0 club
              (1 damage)
             ... on level 3 of the Dungeon.
             The game lasted 00:02:17 (2293 turns).

Kinoniko the Skirmisher (Ogre Monk)                 Turns: 2293, Time: 00:02:17

Health: 0/50       AC:  4    Str: 13    XL:     4   Next: 57%
Magic:  4/4        EV:  5    Int: 11    God:
Gold:   149        SH: 10    Dex: 12    Spells: 3/3 levels left

rFire    . . .     SeeInvis .   a - +0 spear
rCold    . . .     Faith    .   m - +0 tower shield
rNeg     . . .     Spirit   .   b - +0 robe
rPois    .         Reflect  .   (helmet restricted)
rElec    .         Harm     .   h - +0 cloak
rCorr    .         Rampage  .   (gloves unavailable)
MR       .....                  (boots unavailable)
Stlth    ++........             (no amulet)
HPRegen  0.16/turn              (no ring)
MPRegen  0.09/turn              (no ring)

@: lethally poisoned (0 -> -21), attractive, invisible
A: large, unfitting armour, horns 1, tough skin 1, weak 1, evolution 1
a: no special abilities


You were on level 3 of the Dungeon.
You visited 1 branch of the dungeon, and saw 3 of its levels.

You collected 149 gold pieces.

Inventory:

Hand Weapons
 a - a +0 spear (weapon)
Armour
 b - a +0 robe (worn)
 h - a +0 cloak (worn)
 m - a +0 tower shield (worn)
Scrolls
 f - 2 scrolls of random uselessness {unknown}
 j - a scroll of fog {unknown}
 k - 5 scrolls of remove curse {unknown}
 l - 3 scrolls of identify {unknown}
 o - a scroll of immolation {unknown}
 p - a scroll of teleportation {unknown}
Potions
 i - a potion of flight {unknown}
 n - a potion of degeneration {unknown}


   Skills:
 * Level 5.5 Fighting
 * Level 4.2 Polearms
 - Level 2.6 Dodging
 - Level 1.4 Stealth
 * Level 0.2 Shields


You had 3 spell levels left.
You didn't know any spells.
Your spell library was empty.

Dungeon Overview and Level Annotations

Branches:
Dungeon (3/15)

Altars:


Innate Abilities, Weirdness & Mutations

You are too large for most types of armour.
You have tough skin. (AC +1)
You have a pair of small horns on your head.
You are weak. (Str -2)
You evolve.


Message History

You are more poisoned.
The adder poisons you! The goblin hits you with a +0 club.
* * * LOW HITPOINT WARNING * * *
You block the orc's attack. The adder bites you.
* * * LOW HITPOINT WARNING * * *
Unknown command.
It was a potion of attraction.
You feel attractive to monsters.
* * * LOW HITPOINT WARNING * * *
You feel sick. The adder bites you but does no damage.
The goblin hits you with a +0 club.
* * * LOW HITPOINT WARNING * * *
You block the orc's attack.
Unknown command.
It was a potion of invisibility.
You fade into invisibility!
* * * LOW HITPOINT WARNING * * *
You feel very sick. You block the adder's attack.
The goblin hits you with a +0 club.
You die...

#.# #. #.# #.# #. #.# ..
#.# #. #####.# #.# #.#
#. ' #.....# #.# #.# #.
..#.....#+##.###.######.
......................).
......ogB....###.######(
#S@................
#..(.....##.#######
#...(...<........
#......##.#+#####
###..............
#...(..........
#...###........ #...#
#........ #####
#...#####


You could see an adder, an orc, a giant cockroach and a goblin.

Vanquished Creatures
  3 adders (D:2)
  3 worms (D:2)
  A dart slug (D:2)
  A leopard gecko (D:2)
  6 bats
  2 giant cockroaches (D:2)
  7 goblins
  6 hobgoblins
  2 jackals (D:3)
  3 ball pythons
  3 frilled lizards
  8 kobolds
  9 rats
54 creatures vanquished.

Notes
Turn   | Place    | Note
-------+----------+-------------------------------------------
     0 | D:1      | Kinoniko the Ogre Monk began the quest for the Orb.
     0 | D:1      | Reached XP level 1. HP: 24/24 MP: 1/1
   388 | D:1      | Reached XP level 2. HP: 30/33 MP: 2/2
   776 | D:2      | Reached XP level 3. HP: 40/41 MP: 3/3
   952 | D:2      | Reached skill level 5 in Fighting
  1213 | D:2      | Reached XP level 4. HP: 32/50 MP: 4/4
  2290 | D:3      | Gained mutation: You evolve. [potion of mutation]
  2290 | D:3      | Gained mutation: You are weak. (Str -2) [potion of
                  | mutation]
  2290 | D:3      | Gained mutation: You have a pair of small horns on your
                  | head. [potion of mutation]
  2293 | D:3      | HP: 1/50 [poisoned by an adder]
  2293 | D:3      | Slain by a goblin

Illustrated notes

Levels and vault maps discovered:
D:1:      co_arrival_square_in_a_square_in_a_square, layout_basic
D:2:      layout_loops_ring, minmay_misc_feat_iff
D:3:      layout_basic, nicolae_overflow_crystal_walls,
          makhleb_altar_promises_db

Skill      XL: |  1  2  3 |
---------------+----------+-----
Fighting       | 5 |  5.5
Polearms       | 4 |  4.2
Dodging        | |  2.6
Stealth        | |  1.4
Shields        | |  0.2

Action                   |  1- 3 |  4- 6 || total
-------------------------+-------+-------++-------
Melee: Spear             |    94 |   105 ||   199
  Use: Potion            |       |     4 ||     4
 Stab: Sleeping          |     2 |     4 ||     6
Armor: Robe              |    10 |    26 ||    36
Dodge: Dodged            |    31 |    29 ||    60
Block: Tower shield      |       |    32 ||    32

Table legend: (Time is in decaauts)
 A = Elapsed time spent in this place.
 B = Non-inter-level travel time spent in this place.
 C = Inter-level travel time spent in this place.
 D = Time resting spent in this place.
 E = Time spent auto-exploring this place.
 F = Levels seen in this place.
 G = Mean time per level.
                   A        B        C        D        E       F      G
               +--------+--------+--------+--------+--------+-----+--------+
         Total |   2284 |   2194 |     90 |    589 |   1259 |   3 |  761.3 |
       Dungeon |   2284 |   2194 |     90 |    589 |   1259 |   3 |  761.3 |
               +--------+--------+--------+--------+--------+-----+--------+

Top non-repeatable levels by time:
     D:2: 1152 daAuts
     D:1: 740 daAuts
     D:3: 391 daAuts
